 Dungeon Crawl Stone Soup version 0.24.0-123-gd5b16e6ec5 (webtiles) character file.

Game seed: 16212959042413666935, levelgen mode: deterministic

2 vurker the Gusty (level 1, 0/7 HPs)
             Began as a Felid Air Elementalist on Feb 3, 2020.
             Slain by a jackal (3 damage)
             ... on level 1 of the Dungeon.
             The game lasted 00:00:13 (34 turns).

vurker the Gusty (Felid Air Elementalist)             Turns: 34, Time: 00:00:13

Health: 0/7        AC:  1    Str:  4    XL:     1   Next: 25%
Magic:  0/4        EV: 18    Int: 16    God:
Gold:   0          SH:  0    Dex: 16    Spells: 3/4 levels left
                                        Lives:  0   Deaths: 0

rFire    . . .     SeeInvis +   (weapon unavailable)
rCold    . . .     Gourm    .   (shield unavailable)
rNeg     . . .     Faith    .   (armour unavailable)
rPois    .         Spirit   .   (helmet unavailable)
rElec    .         Reflect  .   (cloak unavailable)
rCorr    .         Harm     .   (gloves unavailable)
MR       .....                  (boots unavailable)
Stlth    +++.......             (no amulet)
HPRegen  0.02/turn              (no ring)
MPRegen  0.09/turn              (no ring)

@: quick
A: very small, no armour, no weapons or thrown items, stealth, claws 1, fangs 3,
see invisible, carnivore, speed 1, shaggy fur 1, slow metabolism 1, sharp paws
a: no special abilities


You were on level 1 of the Dungeon.
You were not hungry.

You visited 1 branch of the dungeon, and saw 1 of its levels.

Inventory:

Comestibles
 e - a ration


   Skills:
 + Level 0.0 Fighting
 - Level 2.6 Dodging
 - Level 2.6 Stealth
 * Level 2.0 Spellcasting
 * Level 0.9 Conjurations
 * Level 2.7 Air Magic


You had 3 spell levels left.
You knew the following spells:

 Your Spells              Type           Power        Failure   Level  Hunger
a - Shock                 Conj/Air       #...         10%         1    #......

Your spell library contained the following spells:

 Spells                   Type           Power        Failure   Level  Hunger
 Swiftness                Chrm/Air       #.......     19%         2    ###....
 Static Discharge         Conj/Air       #.......     28%         3    ###....
 Airstrike                Air            ##........   54%         4    #####..
 Lightning Bolt           Conj/Air       #.........   95%         5    ######.


Dungeon Overview and Level Annotations

Branches:
Dungeon (1/15)

Altars:


Innate Abilities, Weirdness & Mutations

You cannot wear armour.
You are incapable of wielding weapons or throwing items.
Your paws allow you to move quietly. (Stealth)
You have sharp claws.
You have razor-sharp teeth.
You have supernaturally acute eyesight. (SInv)
You are carnivorous and can eat meat at any time.
You cover ground quickly.
You are covered in fur. (AC +1)
You have a slow metabolism.
Your sharp claws are effective at attacking unaware monsters.


Message History

You see here a ration.
A hobgoblin is nearby!
A hobgoblin is nearby!
Aim: a hobgoblin (resting)
You miscast Shock.
You are very lightly contaminated with residual magic.
Strange energies run through your body.
The hobgoblin shouts!
A bat comes into view.
The bat moves out of view.
Aim: a hobgoblin The zap hits the hobgoblin.
Aim: a hobgoblin (almost dead)
The zap hits the hobgoblin.
You kill the hobgoblin!
The zap hits the bat.
The zap misses the bat.
The bat closely misses you.
You don't have enough magic to cast that spell.
The bat completely misses you.
You closely miss the bat. The bat closely misses you.
You miss the bat. The bat barely misses you.
You closely miss the bat. The bat closely misses you. The bat misses you.
You closely miss the bat. The bat completely misses you.
You scratch the bat but do no damage. The bat completely misses you.
The bat closely misses you.
A jackal comes into view.
The bat misses you.
You scratch the bat.
You kill the bat!
You see here a bat corpse.
A jackal comes into view.
The jackal barks! x2
There are monsters nearby!
Aim: a jackal The zap hits the jackal. x2
The jackal bites you but does no damage.
You don't have enough magic to cast that spell.
You closely miss the jackal. The jackal misses you.
You scratch the jackal. The jackal bites you.
You scratch the jackal. You closely miss the jackal.
The jackal barely misses you. x2
You scratch the jackal but do no damage.
The jackal barely misses you. The jackal misses you.
The jackal completely misses you.
You closely miss the jackal. The jackal closely misses you.
The jackal misses you. The jackal closely misses you.
Your magical contamination has completely faded away.
You closely miss the jackal. You bite the jackal. The jackal bites you.
* * * LOW HITPOINT WARNING * * *
The jackal bites you.
You die...

#.# #.# #.# # ####.#
#.# ..#.# #.#.#.#.#
# ...#$#h######
#.###.#..@h....#
#.......#.####.#
....>...†.#
########....####.#
##.## #..%.......
##...## #...#####.#
##.....## #...####
##.......###(.....#
##.........##....#.#


You could see 2 jackals.

Vanquished Creatures
  A hobgoblin (D:1)
  A bat (D:1)
2 creatures vanquished.

Notes
Turn   | Place    | Note
-------+----------+-------------------------------------------
     0 | D:1      | vurker the Felid Air Elementalist began the quest for the
                  | Orb.
     0 | D:1      | Reached XP level 1. HP: 7/7 MP: 4/4
    34 | D:1      | Slain by a jackal

Levels and vault maps discovered:
D:1:      mrwooster_arrival_arrow, layout_basic, fountainhead

Action                   || total
-------------------------++-------
Melee: Unarmed           ||    13
       Bite              ||     1
 Cast: Shock             ||     4
Armor: Skin              ||     1
Dodge: Dodged            ||    19
